Map: Usina Ácida LE

Players

Rodrigo

  • Race: Zerg Zerg
  • League: Silver
  • Spawn Location: 11:00

IagoAbreu - Winner!

  • Race: Zerg Zerg
  • League: Gold
  • Spawn Location: 5:00

VOD

Have the link to the VOD?

Description

Time

  • Played on: May 10, 2018, 12:58 p.m.
  • Length: 7:01
Show
View Real Time Build Order
Export as new Build Order

Rodrigo Zerg 

Build Orders: Pool Only, Roach Nydus 

Get SALT Encoding   

  12  0:19  Spawning Pool  
  11  0:22  Extractor  
  11  0:24  Drone  
  11  0:32  Extractor  
  11  0:33  Drone  
  11  0:51  Overlord  
  11  1:06  Zergling x6  
  14  1:29  Lair  
  14  1:36  Drone  
  15  2:06  Roach Warren  
  15  2:07  Drone  
  12  2:43  Nydus Network  
  11  2:46  Roach  
  11  2:48  Roach  
  15  3:00  Roach  
  17  3:11  Roach  
  19  3:23  Roach  
  17  3:43  Drone x2  
  17  4:06  Drone  
  18  4:33  Nydus Canal  
  18  4:41  Drone  
  11  5:18  Spore Crawler  
  11  5:20  Drone x2  
  12  5:27  Drone  
  13  5:37  Drone  
Show
View Real Time Build Order
Export as new Build Order

IagoAbreu Zerg - Winner!

Build Orders: Pool First 

Get SALT Encoding   

  12  0:02  Drone  
  13  0:08  Drone  
  14  0:14  Extractor  
  14  0:19  Overlord  
  13  0:24  Drone  
  14  0:41  Drone x2  
  16  0:51  Spawning Pool  
  16  0:54  Drone  
  16  1:06  Drone  
  16  1:09  Evolution Chamber  
  16  1:10  Drone  
  17  1:18  Drone  
  18  1:28  Drone  
  19  1:40  Queen  
  19  1:43  Overlord  
  21  1:53  Zerg Melee Weapons Level 1  
  21  2:00  Metabolic Boost  
  21  2:09  Zergling x4  
  21  2:14  Zergling x2  
  17  2:23  Zergling x2  
  13  2:33  Zergling x2  
  13  2:40  Queen  
  15  3:07  Drone x3  
  18  3:24  Hatchery  
  18  3:25  Drone  
  15  4:22  Zergling x10  
  20  4:58  Zergling x4  
  20  4:59  Zergling x2  
  21  5:31  Queen  
  23  5:39  Drone x4  
  23  5:40  Drone x2  
Tags
 
Add a new tag
Caveats
  • Supply blocks, unpowered buildings, or Contaminate may cause inaccurate times.
  • Supply counts are checked every 10 seconds.